Map: Cyber Forest LE

Players

HoneyBadger

  • Race: Protoss Protoss
  • League: Diamond
  • Spawn Location: 11:00

MegroN - Winner!

  • Race: Zerg Zerg
  • League: Diamond
  • Spawn Location: 5:00

VOD

Have the link to the VOD?

Description

Time

  • Played on: June 21, 2019, 10:43 a.m.
  • Length: 10:47
Show
View Real Time Build Order
Export as new Build Order

HoneyBadger Protoss 

Build Orders: 1 Gate Expand 

Get SALT Encoding   

  12  0:00  Probe  
  13  0:13  Probe  
  14  0:21  Pylon  
  14  0:25  Probe  
  15  0:35  Probe  
  16  0:42  Gateway  
  16  0:43  Probe  
  17  0:51  Assimilator  
  17  0:54  Probe  
  18  1:06  Probe  
  19  1:24  Nexus  
  19  1:35  Probe  
  19  1:38  Cybernetics Core  
  20  1:47  Probe  
  21  1:58  Pylon  
  21  1:59  Assimilator, Probe  
  22  2:06  Adept  
  22  2:11  Probe  
  25  2:23  Probe  
  26  2:35  Adept, Probe  
  29  2:37  Probe  
  30  2:47  Probe  
  30  2:48  Gateway  
  30  2:50  Pylon  
  29  3:14  Pylon  
  29  3:18  Probe x2  
  31  3:30  Probe x2  
  33  3:41  Warp Gate  
  33  3:42  Probe x2  
  33  3:44  Stargate  
  35  3:54  Sentry, Probe x2  
  39  4:01  Pylon  
  39  4:03  Stalker  
  39  4:06  Probe x2  
  43  4:18  Gateway, Probe  
  44  4:26  Probe  
  44  4:30  Probe  
  46  4:31  Stalker  
  46  4:36  Oracle  
  46  4:37  Adept  
  50  4:48  Probe  
  53  5:35  Probe  
  54  5:38  Pylon  
  54  5:40  Pylon  
  54  5:41  Assimilator  
  54  5:43  Assimilator  
  54  5:56  Oracle, Probe x2  
  59  5:57  Pylon, Adept  
  59  5:59  Zealot  
  59  6:00  Zealot  
  65  6:08  Probe x2  
  67  6:20  Probe  
  67  6:22  Nexus  
  68  6:26  Pylon  
  68  6:27  Pylon  
  68  6:32  Probe  
  69  6:33  Probe  
  69  6:38  Robotics Facility, Void Ray  
  70  6:47  Probe  
  75  6:54  Gateway  
  75  6:58  Twilight Council  
  75  7:01  Pylon  
  75  7:04  Gateway  
  75  7:09  Gateway  
  75  7:11  Void Ray  
  75  7:16  Probe  
  75  7:17  Probe  
  75  7:21  Zealot x3  
  87  7:29  Probe  
  88  7:35  Robotics Facility  
  88  7:37  Gateway  
  87  7:49  Probe x2  
  86  7:52  Probe  
  86  7:54  Void Ray  
  86  7:57  Probe  
  93  8:04  Probe  
  95  8:07  Observer  
  95  8:11  Probe  
  95  8:12  Probe  
  96  8:16  Probe  
  96  8:19  Zealot x2  
  103  8:20  Zealot x4  
  103  8:25  Immortal x2  
  115  8:41  Adept  
  115  8:45  Pylon  
  115  8:47  Pylon  
  117  8:50  Pylon x2  
  117  8:51  Pylon  
  117  9:02  Void Ray  
  117  9:03  Gateway  
  117  9:05  Gateway  
  117  9:08  Immortal  
  117  9:09  Gateway  
  121  9:10  Immortal  
  121  9:12  Pylon, Assimilator  
  121  9:13  Zealot x2  
  121  9:14  Zealot x5, Assimilator  
  121  9:15  Pylon  
  143  9:46  Stalker  
  143  9:47  Stalker x6, Immortal  
  140  10:24  Stalker x5  
  140  10:25  Stalker x2  
Show
View Real Time Build Order
Export as new Build Order

MegroN Zerg - Winner!

Build Orders: Hatch First, Lurkers 

Get SALT Encoding   

  12  0:08  Overlord  
  12  0:12  Drone  
  13  0:19  Drone  
  14  0:26  Drone  
  15  0:30  Drone  
  16  0:40  Drone  
  17  0:53  Hatchery  
  16  0:57  Drone  
  16  1:00  Extractor  
  16  1:03  Drone  
  17  1:17  Spawning Pool  
  16  1:19  Drone  
  16  1:23  Drone  
  18  1:37  Drone  
  19  1:48  Overlord  
  19  1:59  Hatchery  
  18  2:08  Zergling x6  
  21  2:22  Queen  
  23  2:39  Drone x2  
  23  2:40  Drone x4  
  29  2:48  Queen  
  31  2:56  Zergling x4  
  30  3:17  Zergling x8  
  30  3:18  Metabolic Boost, Zergling x2  
  35  3:20  Queen  
  37  3:29  Drone x3  
  37  3:32  Spore Crawler  
  39  3:35  Spore Crawler  
  39  3:37  Drone x2  
  39  3:39  Drone  
  41  3:45  Baneling Nest  
  40  3:53  Drone  
  40  3:54  Drone  
  42  3:57  Spore Crawler  
  42  3:58  Overlord  
  41  4:17  Lair  
  41  4:20  Drone x8  
  49  4:35  Overlord x2  
  49  4:46  Baneling  
  49  4:49  Baneling  
  49  4:52  Queen  
  49  4:56  Extractor x2  
  49  4:59  Drone x5  
  55  5:00  Drone x3  
  57  5:10  Baneling  
  57  5:12  Drone  
  58  5:14  Overlord x3  
  58  5:15  Overlord x2  
  58  5:19  Extractor  
  55  5:48  Drone x3, Hydralisk Den  
  57  5:52  Drone  
  57  5:53  Drone x3, Evolution Chamber  
  57  5:54  Drone, Evolution Chamber  
  57  5:55  Drone x2  
  62  6:00  Drone  
  62  6:01  Drone  
  64  6:05  Extractor x2  
  61  6:17  Hatchery  
  61  6:18  Zergling x12  
  61  6:24  Grooved Spines  
  66  6:25  Zerg Missile Weapons Level 1  
  66  6:34  Drone x6  
  69  6:42  Drone x4  
  69  6:43  Drone  
  74  6:49  Overseer x4  
  74  7:13  Zerg Ground Armor Level 1  
  74  7:16  Lurker Den  
  73  7:25  Overlord x5  
  73  7:26  Overlord x7  
  73  7:28  Hydralisk  
  73  7:29  Hydralisk x5  
  82  7:51  Drone x6  
  84  7:52  Drone x7  
  94  8:05  Extractor  
  93  8:06  Extractor  
  93  8:07  Spore Crawler  
  93  8:10  Hydralisk  
  93  8:11  Hydralisk x8  
  109  8:38  Drone x4  
  109  8:39  Drone x3  
  109  8:40  Drone x2  
  109  8:41  Drone  
  119  8:43  Queen  
  119  8:44  Queen x2  
  125  8:52  Lurker x6  
  125  8:53  Lurker  
  132  8:56  Drone x3  
  135  9:23  Hatchery  
  134  9:27  Spore Crawler  
  133  9:32  Infestation Pit  
  132  9:53  Hydralisk  
  132  9:54  Hydralisk x14, Extractor  
  132  9:59  Extractor  
  159  10:03  Spore Crawler x2  
  138  10:10  Zergling x2  
  138  10:11  Zergling x30  
  138  10:12  Zergling x22  
  157  10:23  Hydralisk x4  
Tags
 
Add a new tag
Caveats
  • Supply blocks, unpowered buildings, or Contaminate may cause inaccurate times.
  • Supply counts are checked every 10 seconds.